AoeStats
← Xtreme | ticohzao

Fortress

508536099Analyzed
4v4 RM · 10d ago on Sep 22, 2026· 55m 45s· 8 players
Game mode
Random Map
Map size
Huge
Population
200
Speed
Normal
Resources
Standard
Victory
Conquest
Starting age
Dark Age
Ending age
Imperial Age
RankedLock teamsTeams togetherTeam positionsShared explorationLock speedFull tech treeHidden civsTurbo modeCheats
Victory
Defeat
🇧🇷 Hindustanis · Brazil
1430
+14
🇮🇳 Shu · India
1387
+16
🇦🇷 Dravidians · Argentina
1360
+17
🇺🇸 Random · United States
1330
+18
🇧🇷 Turks · Brazil
1457
-18
🇧🇷 Persians · Brazil
1413
-18
🇧🇷 Saracens · Brazil
1393
-17
🇧🇷 Georgians · Brazil
1270
-12
FreakinGorkha
7:59 Feudal Age
8:51 Double-Bit Axe
11:31 Castle Age
9:31 Horse Collar
13:23 Bow Saw
14:04 Heavy Plow
16:28 Fletching
17:30 Bodkin Arrow
17:35 Elite Skirmisher
18:58 Padded Archer Armor
20:04 Leather Archer Armor
20:46 Ballistics
25:34 Wheelbarrow
25:10 Stone Mining
25:10 Gold Mining
30:30 Imperial Age
31:15 Bracer
31:47 Ring Archer Armor
33:15 Hand Cart
34:25 Thumb Ring
35:23 Chemistry
36:36 Gold Shaft Mining
36:11 Pikeman
36:52 Scale Mail Armor
37:03 Forging
37:25 Loom
37:26 Town Watch
37:24 Halberdier
38:21 Chain Mail Armor
38:40 Squires
38:26 Arson
38:27 Gambesons
41:26 Plate Mail Armor
Treebeard49
7:23 Feudal Age
11:39 Castle Age
9:55 Double-Bit Axe
9:59 Horse Collar
13:38 Wheelbarrow
13:56 Bow Saw
20:24 Hand Cart
20:41 Gold Mining
25:04 Imperial Age
24:02 Fletching
24:13 Padded Archer Armor
24:53 Scale Mail Armor
25:04 Forging
24:51 Elite Skirmisher
25:56 Heavy Plow
26:30 Chain Mail Armor
26:18 Elite Skirmisher
26:42 Capped Ram
28:21 Plate Mail Armor
29:47 Thumb Ring
30:19 Elite Jomsviking
31:20 Conscription
31:42 Iron Casting
31:03 Bodkin Arrow
31:24 Leather Archer Armor
31:30 Caravan
33:10 Ballistics
33:51 Chemistry
33:25 Bracer
34:25 Blast Furnace
35:02 Ring Archer Armor
34:34 Siege Ram
43:58 Loom
46:20 Northmen's Fury
I hate Arabia
8:14 Feudal Age
9:10 Double-Bit Axe
9:21 Horse Collar
11:58 Castle Age
12:50 Wheelbarrow
13:19 Bow Saw
13:53 Heavy Plow
18:20 Hand Cart
19:25 Loom
20:50 Caravan
24:35 Town Watch
24:42 Gold Mining
24:42 Stone Mining
25:33 Padded Archer Armor
25:40 Medical Corps
29:27 Imperial Age
27:00 Fletching
28:46 Thumb Ring
28:56 Bodkin Arrow
29:17 Leather Archer Armor
30:34 Bracer
31:05 Ring Archer Armor
30:00 Elite Elephant Archer
31:22 Ballistics
32:27 Chemistry
33:52 Coinage
35:15 Two-Man Saw
35:16 Banking
35:16 Murder Holes
35:32 Fortified Wall
36:57 Scale Barding Armor
37:02 Forging
37:25 Conscription
38:49 Chain Barding Armor
39:04 Iron Casting
38:33 Husbandry
42:28 Onager
43:51 Wootz Steel
44:08 Hoardings
48:26 Blast Furnace
46:47 Light Cavalry
49:29 Siege Elephant
49:37 Siege Elephant
49:41 Siege Onager
Karzul
7:03 Feudal Age
10:54 Castle Age
9:02 Double-Bit Axe
9:21 Horse Collar
13:32 Bow Saw
16:47 Wheelbarrow
17:31 Heavy Plow
19:45 Hand Cart
20:03 Gold Mining
23:52 Imperial Age
22:36 Scale Barding Armor
23:26 Forging
23:28 Bloodlines
24:25 Husbandry
24:47 Chain Barding Armor
25:04 Iron Casting
24:26 Loom
24:19 Heavy Camel Rider
26:37 Plate Barding Armor
26:24 Conscription
26:12 Town Watch
28:06 Blast Furnace
27:13 Caravan
27:33 Imperial Camel Rider
29:19 Chemistry
30:01 Grand Trunk Road
31:05 Light Cavalry
32:09 Shatagni
32:50 Padded Archer Armor
33:02 Masonry
32:49 Stone Mining
33:36 Gold Shaft Mining
36:10 Two-Man Saw
36:34 Siege Engineers
38:58 Hussar
42:42 Ballistics
42:13 Fletching
45:14 Bodkin Arrow
45:35 Leather Archer Armor
51:46 Siege Elephant
56:47 Ring Archer Armor
56:17 Bracer
VkA | LimaoNub
7:20 Feudal Age
11:30 Castle Age
9:36 Double-Bit Axe
10:22 Horse Collar
15:20 Wheelbarrow
14:31 Loom
14:32 Town Watch
17:40 Bow Saw
21:50 Imperial Age
22:51 Scale Barding Armor
22:56 Forging
22:43 Gold Mining
24:43 Husbandry
24:54 Bloodlines
24:41 Elite Mameluke
26:07 Scale Mail Armor
26:42 Iron Casting
26:23 Pikeman
27:04 Squires
28:29 Conscription
28:42 Chain Mail Armor
29:28 Blast Furnace
31:09 Plate Mail Armor
31:49 Heavy Plow
34:08 Chain Barding Armor
37:11 Counterweights
38:09 Padded Archer Armor
37:59 Fletching
39:19 Leather Archer Armor
39:51 Bodkin Arrow
39:22 Heavy Cavalry Archer
40:26 Thumb Ring
39:42 Elite Skirmisher
40:54 Ring Archer Armor
41:27 Bracer
42:44 Chemistry
44:40 Light Cavalry
45:56 Plate Barding Armor
45:39 Hussar
51:45 Hand Cart
51:16 Town Watch
53:15 Two-Man Saw
Xtreme | Rayden
7:35 Feudal Age
12:25 Castle Age
10:22 Double-Bit Axe
17:42 Imperial Age
21:49 Padded Archer Armor
25:02 Horse Collar
27:48 Leather Archer Armor
28:04 Loom
28:05 Town Watch
38:33 Bow Saw
38:26 Heavy Plow
38:18 Gold Mining
39:10 Conscription
41:33 Wheelbarrow
41:37 Gold Shaft Mining
40:53 Stone Mining
42:22 Ring Archer Armor
VkA | 侍
8:30 Feudal Age
9:36 Horse Collar
12:11 Castle Age
10:52 Double-Bit Axe
14:09 Bow Saw
14:52 Heavy Plow
18:55 Wheelbarrow
20:30 Hand Cart
24:07 Gold Mining
24:08 Stone Mining
27:03 Imperial Age
24:49 Loom
24:50 Town Watch
25:45 Stone Shaft Mining
25:08 Guard Tower
25:39 Ballistics
25:11 Fletching
25:21 Padded Archer Armor
25:59 Svan Towers
25:23 Pikeman
26:03 Squires
25:51 Arson
26:08 Scale Mail Armor
26:18 Forging
26:04 Bodkin Arrow
28:25 Chain Mail Armor
28:46 Iron Casting
27:32 Halberdier
28:53 Keep
29:02 Town Patrol
29:05 Bracer
28:50 Treadmill Crane
30:40 Chemistry
30:13 Plate Mail Armor
31:59 Conscription
32:44 Blast Furnace
33:42 Murder Holes
33:58 Masonry
33:54 Siege Engineers
33:40 Arrowslits
34:07 Masonry
35:37 Hoardings
38:26 Guilds
38:46 Coinage
41:33 Banking
42:46 Scale Barding Armor
42:57 Aznauri Cavalry
43:41 Bloodlines
43:32 Husbandry
42:57 Light Cavalry
44:49 Hussar
46:42 Chain Barding Armor
47:59 Plate Barding Armor
49:53 Padded Archer Armor
50:02 Elite Skirmisher
51:19 Leather Archer Armor
53:52 Architecture
53:30 Siege Engineers
Xtreme | ticohzao
7:38 Feudal Age
8:49 Double-Bit Axe
12:11 Castle Age
10:12 Loom
13:27 Bow Saw
14:23 Horse Collar
21:28 Wheelbarrow
25:37 Imperial Age
23:13 Scale Barding Armor
23:18 Forging
23:33 Gold Mining
23:34 Stone Mining
23:47 Heavy Plow
25:12 Husbandry
25:23 Bloodlines
25:24 Cavalier
26:48 Gold Shaft Mining
27:04 Chain Barding Armor
27:20 Crop Rotation
26:58 Town Watch
29:20 Plate Barding Armor
29:28 Hand Cart
29:14 Town Patrol
30:41 Iron Casting
32:46 Blast Furnace
31:08 Savar
31:48 Pikeman
32:28 Squires
32:14 Gambesons
32:14 Arson
32:31 Scale Mail Armor
34:42 Chain Mail Armor
36:00 Two-Man Saw
35:17 Padded Archer Armor
35:07 Fletching
36:04 Plate Mail Armor
35:40 Elite Skirmisher
36:55 Thumb Ring
38:02 Leather Archer Armor
37:42 Bodkin Arrow
38:30 Ballistics
40:01 Chemistry
40:07 Ring Archer Armor
Connection lost

Rejoining the realm…

Still unreachable

The connection could not be restored.

Session expired

The server has moved on; the page needs a fresh start.